 Dungeon Crawl Stone Soup version 0.27.1-33-g824d729ab1 (webtiles) character file.

Game seed: 8160687124223833387

78 szrap the Sneak (level 4, 2/19 HPs)
             Began as a Felid Air Elementalist on Dec 2, 2021.
             Quit the game on level 5 of the Dungeon.
             The game lasted 00:10:26 (3652 turns).

szrap the Sneak (Felid Air Elementalist)            Turns: 3652, Time: 00:10:27

Health: 2/19       AC:  1    Str:  4    XL:     4   Next: 15%
Magic:  8/8        EV: 18    Int: 18    God:
Gold:   116        SH:  0    Dex: 16    Spells: 3/7 levels left
                                        Lives:  0   Deaths: 1

rFire    . . .     SeeInvis +     - Unarmed
rCold    . . .     Faith    .   (shield unavailable)
rNeg     . . .     Spirit   .   (armour unavailable)
rPois    .         Reflect  .   (helmet unavailable)
rElec    .         Harm     .   (cloak unavailable)
rCorr    .         Rampage  .   (gloves unavailable)
Will     .....                  (boots unavailable)
Stlth    +++.......             (no amulet)
HPRegen  0.06/turn              b - +4 ring of slaying
MPRegen  0.11/turn              j - ring of wizardry

@: quick
A: very small, claws 1, fangs 3, see invisible, speed 1, shaggy fur 1, stealthy
paws, no weapons or thrown items, no armour, multi-lived
a: no special abilities


You were on level 5 of the Dungeon.
You visited 1 branch of the dungeon, and saw 5 of its levels.

You collected 116 gold pieces.

Inventory:

Jewellery
 b - a +4 ring of slaying (left paw)
 j - a ring of wizardry (right paw)
Scrolls
 a - a scroll of silence
 c - a scroll of enchant weapon {unknown}
 d - a scroll of vulnerability {unknown}
 f - a scroll of teleportation
 g - a scroll of noise {unknown}
 i - a scroll of amnesia {unknown}
Potions
 e - a potion of curing {unknown}
 h - a potion of ambrosia {unknown}


   Skills:
 * Level 1.3 Fighting
 * Level 3.5 Dodging
 * Level 4.8 Stealth
 * Level 2.5 Unarmed Combat
 - Level 2.0 Spellcasting
 - Level 0.8 Conjurations
 - Level 3.0 Air Magic


You had 3 spell levels left.
You knew the following spells:

 Your Spells              Type           Power      Damage    Failure   Level
a - Shock                 Conj/Air       32%        1d5       3%          1
b - Swiftness             Air            12%        N/A       6%          3

Your spell library contained the following spells:

 Spells                   Type           Power      Damage    Failure   Level
 Static Discharge         Conj/Air       8%         N/A       4%          2
 Airstrike                Air            6%         N/A       21%         4


Dungeon Overview and Level Annotations

Branches:
Dungeon (6/15)
 Temple: D:4-7

Altars:


Innate Abilities, Weirdness & Mutations

You have sharp claws.
You have razor-sharp teeth.
You have supernaturally acute eyesight. (SInv)
You cover ground quickly. (Speed+)
You are covered in fur. (AC +1)
Your paws help you pounce on unaware monsters.
You are incapable of wielding weapons or throwing items.
You cannot wear armour.
You gain extra lives every three experience levels.


Message History

The ufetubus is heavily wounded.
The ufetubus closely misses you. x2; The ufetubus barely misses you.
The ufetubus closely misses you.
You miss the ufetubus.
The ufetubus is heavily wounded.
The ufetubus hits you. x2
You are too injured to fight recklessly!
You are too injured to fight recklessly!
You are too injured to fight recklessly!
You closely miss the ufetubus.
The ufetubus is heavily wounded.
The ufetubus completely misses you. The ufetubus barely misses you.
The ufetubus misses you. x2
You closely miss the ufetubus.
The ufetubus is heavily wounded.
The ufetubus barely misses you. The ufetubus hits you.
You completely miss the ufetubus.
The ufetubus is heavily wounded.
The ufetubus barely misses you. The ufetubus misses you.
You claw the ufetubus!
You kill the ufetubus!
Found an escape hatch in the floor.
You start resting.
An ice beast comes into view.
You start resting.
An ice beast is nearby!
There is a stone staircase leading down here.
Found 14 gold pieces.
A steam dragon comes into view.
Found a hunting sling.
Found a spear.
The steam dragon breathes steam at you. The ball of steam hits you!
Ouch! That really hurt!
* * * LOW HITPOINT WARNING * * *
You see here a +0 spear.
A jackal comes into view.
Are you sure you want to abandon this character and quit the game? (Confirm with "yes".)
Okay, then.
Are you sure you want to abandon this character and quit the game? (Confirm with "yes".)

#.......D....)....
#.#####.#####.####
#.# #.# #.# # #.#
#.# #.#### #.# #.#
#..... #.# #.#
.....$ #.# #.#
###### #.# #.#
#### #@# #... #..#
#.###.## ##.#
#....... .# #.##
h# #.## .#
.######.## ..
#....[.... ..
..#####.##
..#####...


You could see a jackal.

Vanquished Creatures
  Robin (D:2)
  4 adders
  4 gnolls
  An ufetubus (D:5)
  A worm (D:2)
  A dart slug (D:1)
  3 bats
  5 endoplasms
  5 giant cockroaches
  6 goblins
  7 hobgoblins
  4 jackals (D:2)
  A quokka (D:1)
  4 ball pythons
  3 frilled lizards
  5 kobolds
  3 rats
58 creatures vanquished.

Vanquished Creatures (others)
  A plant (D:1)
1 creature vanquished.

Grand Total: 59 creatures vanquished

Notes
Turn   | Place    | Note
-------+----------+-------------------------------------------
     0 | D:1      | szrap the Felid Air Elementalist began the quest for the
                  | Orb.
     0 | D:1      | Reached XP level 1. HP: 7/7 MP: 4/4
    67 | D:1      | Found a faded altar of an unknown god.
   284 | D:1      | Reached skill level 3 in Stealth
   453 | D:1      | Reached XP level 2. HP: 3/12 MP: 6/6
  1359 | D:2      | Reached skill level 1 in Unarmed Combat
  1407 | D:2      | Reached XP level 3. HP: 15/15 MP: 4/7
  1489 | D:2      | Learned a level 3 spell: Swiftness
  2053 | D:2      | Reached skill level 1 in Fighting
  2070 | D:1      | Reached skill level 4 in Stealth
  2070 | D:1      | Reached XP level 4. HP: 6/19 MP: 1/8
  2841 | D:3      | Noticed Robin
  3049 | D:2      | Killed Robin
  3246 | D:3      | Reached XP level 5. HP: 15/22 MP: 5/9
  3437 | D:3      | Killed from afar by an orc priest
  3438 | D:3      | Reached XP level 4. HP: -1/19 MP: 8/8
  3440 | D:3      | You fall into a shaft and drop 3 floors!
  3445 | D:5      | Entered Level 5 of the Dungeon
  3539 | D:5      | Noticed an ice beast
  3621 | D:5      | Noticed a steam dragon
  3652 | D:5      | Quit the game

Illustrated notes

Levels and vault maps discovered:
D:1:      lemuel_arrival_river_bridge, layout_loops_ring, serial_glass,
          glass_columns_b, glass_columns_c, basic_ecumenical_altar,
          serial_bayou_lake_a
D:2:      minmay_chambers_of_ones, layout_basic, serial_forest,
          infiniplex_forest_straight_2, infiniplex_forest_lined_room_3,
          infiniplex_forest_fountain, infiniplex_forest_fountain
D:3:      layout_rooms, uniq_sigmund, uniq_robin, uniq_grinder, uniq_terence
D:5:      layout_loops_ring
D:6:      layout_rooms, cheibrodos_sewer_entry_drain,
          ebering_dispersal_statue_hall, minmay_crystal_room

Skill      XL: |  1  2  3  4 |
---------------+-------------+-----
Stealth        | 3 4 |  4.8
Air Magic      | 3 |  3.0
Dodging        | 3 |  3.5
Unarmed Combat | 1 2 |  2.5
Fighting       | 1 |  1.3
Spellcasting   | |  2.0
Conjurations   | |  0.8

Action                   |  1- 3 |  4- 6 || total
-------------------------+-------+-------++-------
Melee: Unarmed           |    77 |    54 ||   131
       Bite              |     5 |     1 ||     6
       Punch             |       |     1 ||     1
 Cast: Shock             |    12 |    34 ||    46
  Use: Scroll            |     2 |     1 ||     3
 Stab: Sleeping          |    13 |     1 ||    14
Armor: Skin              |     3 |     4 ||     7
Dodge: Dodged            |    45 |    59 ||   104
